 Dungeon Crawl Stone Soup version 0.30.1-5-ged363bc7ee (webtiles) character file.

Game seed: 15806160051365008929

6261 Ivernyr the Unseen (level 10, -21/50 HPs)
             Began as a Felid Monk on Sept 19, 2023.
             Was a Priest of Wu Jian.
             Killed from afar by a steam dragon (24 damage)
             ... with a ball of steam
             ... on level 1 of the Lair of Beasts.
             The game lasted 00:49:23 (15080 turns).

Ivernyr the Unseen (Felid Monk)                    Turns: 15080, Time: 00:49:24

Health: -21/50     AC:  2    Str:  7    XL:     10   Next: 62%
Magic:  11/11      EV: 34    Int: 12    God:    Wu Jian [***...]
Gold:   827        SH:  5    Dex: 23    Spells: 9/9 levels left
                                        Lives:  0   Deaths: 2

rFire   . .          .
                       - Unarmed
rCold   . . .        (shield unavailable)
rNeg    . . .        (body armour unavailable)
rPois   .            (helmet unavailable)
rElec   .            (cloak unavailable)
rCorr   .            (gloves unavailable)
SInv    +            (boots unavailable)
Will    +....        y - amulet of reflection
Stlth   +++++++      u - +5 ring of evasion
HPRegen 0.28/turn    (no ring)
MPRegen 0.12/turn

%: reflection
@: quick
A: very small, claws 1, fangs 3, see invisible, speed 1, shaggy fur 2, stealthy
paws, no weapons or thrown items, no armour, multi-lived
a: Renounce Religion, Wall Jump, Serpent's Lash


You were on level 1 of the Lair of Beasts.
You worshipped Wu Jian.
Wu Jian was most pleased with you.
You visited 3 branches of the dungeon, and saw 13 of its levels.
You also visited: Ossuary.

You collected 1003 gold pieces.
You spent 176 gold pieces at shops.

Inventory:

Jewellery
 u - a +5 ring of evasion (left paw)
 y - an amulet of reflection (around neck)
 C - a ring of positive energy
 E - a ring of resist corrosion
Wands
 A - a wand of polymorph (16)
 B - a wand of iceblast (2)
 F - a wand of digging (4)
 J - a wand of charming (6)
 L - a wand of quicksilver (10)
 O - a wand of flame (12)
Scrolls
 b - 8 scrolls of identify
 e - 4 scrolls of fear
 g - 3 scrolls of immolation
 i - 2 scrolls of vulnerability {unknown}
 l - a scroll of brand weapon {unknown}
 m - 2 scrolls of fog
 n - 7 scrolls of teleportation
 o - 5 scrolls of noise
 q - a scroll of magic mapping {unknown}
 t - 3 scrolls of amnesia {unknown}
 v - 4 scrolls of enchant weapon
 w - a scroll of enchant armour {unknown}
 x - 2 scrolls of poison {unknown}
 D - a scroll of blinking
 G - a scroll of silence {unknown}
 K - 2 scrolls of torment {unknown}
Potions
 a - 7 potions of ambrosia
 c - a potion of haste {unknown}
 d - 7 potions of lignification {unknown}
 f - a potion of magic {unknown}
 h - 2 potions of degeneration {unknown}
 j - 2 potions of flight {unknown}
 k - 6 potions of heal wounds
 p - 3 potions of might {unknown}
 r - 4 potions of cancellation {unknown}
 s - 5 potions of curing
 z - 3 potions of resistance {unknown}
 H - 8 potions of mutation {unknown}
 I - 2 potions of berserk rage {unknown}
 M - 2 potions of attraction {unknown}
 N - 3 potions of brilliance {unknown}


   Skills:
 + Level 9.6 Fighting
 + Level 12.4 Dodging
 * Level 17.5 Stealth
 + Level 9.6 Unarmed Combat


You had 9 spell levels left.
You didn't know any spells.
Your spell library contained the following spells:

 Spells                   Type           Power      Damage    Failure   Level
 Sting                    Tmut/Pois      0%         1d3       32%         1
 Blink                    Tloc           0%         N/A       45%         2
 Dazzling Flash           Conj/Hex       0%         N/A       69%         3
 Volatile Blastmotes      Fire/Tloc      0%         2d10      69%         3
 Iskenderun's Mystic Bla  Conj/Tloc      0%         2d3       97%         4
 Manifold Assault         Tloc           0%         N/A       97%         4
 Starburst                Conj/Fire      0%         6d3       100%        6
 Storm Form               Tmut/Air       0%         N/A       100%        7


Dungeon Overview and Level Annotations

Branches:
Dungeon (11/15)            Temple (1/1) D:5            Lair (1/5) D:11
Ossuary (visited)
    Orc: D:9-12

Altars:
Ashenzari
Cheibriados
Dithmenos
Elyvilon
Fedhas
Gozag
Hepliaklqana
Kikubaaqudgha
Makhleb
Nemelex Xobeh
Okawaru
Qazlal
Ru
Sif Muna
Trog
Uskayaw
Vehumet
Wu Jian
Xom
Yredelemnul
Zin
The Shining One

Shops:
D:6 *!   D:8 :   D:11 ?

Portals:
Trove: D:10 (show abyssal rune of Zot)

Annotations:
D:7 2 transporters, kwasso's ghost, novice AtFi
D:11 3 runed translucent doors, Tamtam's ghost, journeyman TeAE


Innate Abilities, Weirdness & Mutations

You have sharp claws.
You have razor-sharp teeth.
You have supernaturally acute eyesight. (SInv)
You cover ground quickly. (Speed+)
You are covered in thick fur. (AC +2)
Your paws help you pounce on unaware monsters.
You are incapable of wielding weapons or throwing items.
You cannot wear armour.
You gain extra lives every three experience levels.


Message History

You spin and attack the wolf.
You closely miss the wolf.
The wolf is almost dead.
The wolf completely misses you.
You spin and attack the steam dragon.
You scratch the steam dragon but do no damage.
The steam dragon is heavily wounded.
You spin and attack the wolf.
You barely miss the wolf. You claw the wolf.
You kill the wolf!
The Council accepts your kill.
You can now briefly move at supernatural speeds.
The steam dragon misses you. The steam dragon completely misses you.
You spin and attack the bullfrog.
You completely miss the bullfrog.
The bullfrog is severely wounded.
The bullfrog completely misses you. The bullfrog hits you.
* * * LOW HITPOINT WARNING * * *
You spin and attack the steam dragon.
You scratch the steam dragon.
The steam dragon is heavily wounded.
You spin and attack the bullfrog.
You barely miss the bullfrog.
The bullfrog is severely wounded.
The bullfrog completely misses you.
You spin and attack the steam dragon.
You scratch the steam dragon.
The steam dragon is heavily wounded.
You spin and attack the bullfrog.
You scratch the bullfrog.
The bullfrog is almost dead.
The steam dragon misses you. You block the steam dragon's attack.
The bullfrog completely misses you.
You spin and attack the steam dragon.
You closely miss the steam dragon.
The steam dragon is heavily wounded.
You spin and attack the bullfrog.
You closely miss the bullfrog.
The bullfrog is almost dead.
The bullfrog misses you. You block the steam dragon's attack.
The steam dragon closely misses you.
You spin and attack the steam dragon.
You barely miss the steam dragon.
The steam dragon is heavily wounded.
You spin and attack the bullfrog.
You barely miss the bullfrog.
The bullfrog is almost dead.
You block the bullfrog's attack. The steam dragon breathes steam at you.
The ball of steam hits you!!
You die...

....... .. ...... ....##
#..... .....# #...# #♣♣
♣♣##.....# # #..##
#.♣♣♣♣........#
P#♣♣P.♣###.............#
..♣......#.............#
#P.P.♣................#
#..P♣♣........F@......#
#♣D♣♣♣.......lD......##
♣†.................##
###.................##
#....................#
......................#
#..................>...#
...†...................#
.......................#


You could see a komodo dragon, a steam dragon (catching breath) and a bullfrog.

Vanquished Creatures
  Harold (D:10)
  7 two-headed ogres
  Lodul (D:11)
  Joseph (D:7)
  3 black mambas (Lair:1)
  3 unseen horrors
  6 cane toads
  Psyche (D:8)
  Maggie (D:10)
  2 trolls
  A hornet (D:11)
  Prince Ribbit (D:6)
  2 wraiths
  Eustachio (D:5)
  5 yaks (D:8)
  Grum (D:10)
  Menkaure (D:6)
  A water moccasin (Lair:1)
  An orc warrior (D:10)
  3 black bears
  8 ogres
  8 centaurs
  7 wolves
  4 kobold brigands
  A phantom (D:7)
  2 gnoll sergeants
  4 scorpions
  4 bullfrogs
  10 killer bees (D:10)
  2 centaur zombies (Ossuary)
  5 howler monkeys
  A jelly (D:5)
  4 hounds
  5 orc priests
  Crazy Yiuf (D:6)
  2 human zombies (Ossuary)
  A sleepcap (D:7)
  Jessica (D:2)
  A gnoll bouda (D:5)
  2 iguanas
  10 orc wizards
  2 mummies (Ossuary)
  17 gnolls
  2 adders
  A shadow imp (D:7)
  3 white imps
  An ufetubus (D:5)
  An adder zombie (Ossuary)
  5 dart slugs
  37 orcs
  6 ball pythons
  6 bats
  4 endoplasms
  2 giant cockroaches
  8 goblins
  5 hobgoblins
  4 quokkas
  2 frilled lizards (D:2)
  2 goblin zombies (Ossuary)
  9 hobgoblin zombies
  A jackal zombie (Ossuary)
  23 kobolds
  14 kobold zombies (Ossuary)
  5 orc zombies (Ossuary)
  7 rats
  2 rat zombies (Ossuary)
295 creatures vanquished.

Vanquished Creatures (others)
  Maurice (D:8)
  An ice beast (D:8)
  A centaur (D:10)
  A gnoll (D:10)
  3 orcs (D:8)
7 creatures vanquished.

Grand Total: 302 creatures vanquished

Notes
Turn   | Place    | Note
-------+----------+-------------------------------------------
     0 | D:1      | Ivernyr the Felid Monk began the quest for the Orb.
     0 | D:1      | Reached XP level 1. HP: 10/10 MP: 2/2
    87 | D:1      | Reached skill level 1 in Stealth
   182 | D:1      | Reached XP level 2. HP: 14/14 MP: 3/3
   378 | D:1      | Found a faded altar of an unknown god.
   449 | D:1      | Got Plato's Anthology of Shapes
   464 | D:1      | Reached skill level 2 in Stealth
   747 | D:2      | Noticed Jessica
   749 | D:2      | Killed Jessica
   750 | D:2      | Reached XP level 3. HP: 17/17 MP: 4/4
   981 | D:2      | Reached skill level 3 in Stealth
  1773 | D:3      | Reached XP level 4. HP: 17/21 MP: 5/5
  2155 | D:4      | Reached skill level 4 in Stealth
  2163 | D:4      | Reached skill level 5 in Dodging
  2163 | D:4      | Reached XP level 5. HP: 19/25 MP: 6/6
  2366 | D:4      | Reached skill level 5 in Stealth
  2529 | D:4      | Gained mutation: You are covered in thick fur. (AC +2)
                  | [Felid growth]
  2529 | D:4      | Reached XP level 6. HP: 18/28 MP: 7/7
  2963 | D:5      | Entered Level 5 of the Dungeon
  2979 | D:5      | Reached skill level 6 in Stealth
  3087 | D:4      | Reached XP level 7. HP: 15/33 MP: 8/8
  3380 | D:4      | Reached skill level 7 in Stealth
  3441 | D:5      | Noticed Eustachio
  4117 | D:5      | Found a staircase to the Ecumenical Temple.
  4142 | D:5      | Reached skill level 5 in Fighting
  4142 | D:5      | Reached skill level 8 in Stealth
  4160 | D:5      | Reached skill level 5 in Unarmed Combat
  4160 | D:5      | Reached XP level 8. HP: 9/37 MP: 9/9
  4307 | Temple   | Entered the Ecumenical Temple
  4472 | Temple   | Became a worshipper of the Wu Jian Council
  4472 | Temple   | Reached * piety under Wu Jian
  4472 | Temple   | Reached ** piety under Wu Jian
  4864 | D:5      | Killed Eustachio
  5073 | D:6      | Found Lahill's Assorted Antiques.
  5114 | D:6      | Found Akerghi's Distillery.
  5122 | D:6      | Bought a potion of curing for 33 gold pieces
  5122 | D:6      | Bought a potion of curing for 33 gold pieces
  5122 | D:6      | Bought a potion of heal wounds for 55 gold pieces
  5122 | D:6      | Bought a potion of heal wounds for 55 gold pieces
  5146 | D:6      | Noticed Prince Ribbit
  5153 | D:6      | Killed Prince Ribbit
  5154 | D:6      | Reached skill level 9 in Stealth
  5385 | D:6      | Noticed Menkaure
  5390 | D:6      | Killed Menkaure
  5391 | D:6      | Reached skill level 10 in Stealth
  5396 | D:6      | Found a runed translucent door.
  5397 | D:6      | Noticed Crazy Yiuf
  5739 | D:6      | Killed Crazy Yiuf
  5814 | D:7      | Noticed Joseph
  6017 | D:7      | Found a transporter.
  6020 | D:7      | Noticed kwasso's ghost (novice AtFi)
  6368 | D:7      | Reached XP level 9. HP: 41/41 MP: 10/10
  6390 | D:7      | Killed Joseph
  6391 | D:7      | Reached skill level 11 in Stealth
  6642 | D:7      | Found a transporter.
  7496 | D:8      | Noticed a two-headed ogre
  7520 | D:8      | Reached skill level 12 in Stealth
  7803 | D:8      | Noticed a two-headed ogre
  7876 | D:8      | Found a sand-covered staircase.
  7883 | Ossuary  | Entered an ossuary
  7961 | Ossuary  | Reached *** piety under Wu Jian
  8200 | Ossuary  | Reached XP level 10. HP: 47/47 MP: 11/11
  8301 | D:8      | Noticed Maurice
  8302 | D:8      | Noticed Psyche
  8341 | D:8      | Killed Maurice
  8359 | D:8      | HP: 2/46 [Psyche/chain of chaos (6)]
  8366 | D:8      | Killed Psyche
  8367 | D:8      | Reached skill level 13 in Stealth
  8982 | D:8      | Found Afomejegix's Book Boutique.
  9110 | D:8      | Killed a two-headed ogre
  9260 | D:8      | Killed a two-headed ogre
  9261 | D:8      | Reached skill level 10 in Dodging
  9380 | D:8      | Found a stormy altar of Qazlal.
  9707 | D:9      | Reached skill level 14 in Stealth
 10212 | D:9      | Noticed a two-headed ogre
 10233 | D:9      | Killed a two-headed ogre
 10429 | D:9      | Found an iron altar of Okawaru.
 10592 | D:10     | Entered Level 10 of the Dungeon
 10592 | D:10     | Noticed Grum
 10610 | D:10     | Killed Grum
 10824 | D:10     | Noticed Harold
 10830 | D:10     | Killed Harold
 10831 | D:10     | Noticed Maggie
 10863 | D:10     | Reached skill level 15 in Stealth
 10863 | D:10     | Reached XP level 11. HP: 16/51 MP: 12/12
 11021 | D:10     | Killed Maggie
 11309 | D:10     | Noticed a two-headed ogre
 11315 | D:10     | Killed a two-headed ogre
 11364 | D:10     | Found a portal to a secret trove of treasure.
 12308 | D:11     | Noticed Lodul
 12325 | D:11     | Noticed a two-headed ogre
 12343 | D:10     | Slain by a two-headed ogre
 12344 | D:10     | Reached XP level 10. HP: -3/49 MP: 11/11
 12371 | D:10     | Killed a two-headed ogre
 12389 | D:10     | Reached skill level 16 in Stealth
 12545 | D:11     | Killed Lodul
 12587 | D:11     | Noticed a two-headed ogre
 12591 | D:11     | Killed a two-headed ogre
 12635 | D:11     | Noticed a two-headed ogre
 12921 | D:10     | HP: 2/49 [orc warrior/+0 flail of protection (10)]
 13131 | D:11     | Found Odaewas's Magic Scroll Emporium.
 13197 | D:11     | Found a runed translucent gate.
 13197 | D:11     | Found a runed translucent gate.
 13199 | D:11     | Found a runed translucent gate.
 13202 | D:11     | Noticed a spectral centaur warrior
 13202 | D:11     | Noticed a spectral centaur warrior
 13204 | D:11     | Noticed a spectral centaur warrior
 13205 | D:11     | Noticed Tamtam's ghost (journeyman TeAE)
 13299 | D:11     | Killed a two-headed ogre
 13300 | D:11     | Reached XP level 11. HP: 21/53 MP: 12/12
 13489 | D:11     | Found a staircase to the Lair.
 13809 | Lair:1   | Entered Level 1 of the Lair of Beasts
 13914 | Lair:1   | Reached skill level 17 in Stealth
 14097 | D:11     | HP: 1/53 [cane toad (23)]
 14598 | Lair:1   | Found the +7 Kryia's mail coat {PotionHeal*2 rC+}
 15003 | Lair:1   | HP: 2/53 [something] (10)]
 15014 | Lair:1   | Slain by a wolf
 15015 | Lair:1   | Reached XP level 10. HP: -4/49 MP: 11/11
 15076 | Lair:1   | HP: 2/50 [bullfrog (6)]
 15080 | Lair:1   | Killed from afar by a steam dragon

Illustrated notes

Levels and vault maps discovered:
D:1:      eino_arrival_tree_alley, layout_basic,
          shapermc_ecumenical_altar_rom_forum, glass_columns_a
D:2:      layout_basic, uniq_jessica
D:3:      layout_loops_ring
D:4:      layout_rooms
D:5:      layout_rooms, minmay_temple_entry_statues_pillars,
          roderic_filled_cross, chequers_serial_rivers_micro_b,
          kennysheep_generic_room_8, uniq_eustachio
D:6:      layout_basic, serial_shops, nicolae_shop_window_shopping,
          nicolae_shop_temple_entry_statues_fountains, grunt_ministairs_5,
          uniq_crazy_yiuf_cottage, uniq_prince_ribbit1, uniq_menkaure
D:7:      layout_layer_cave, gammafunk_ghost_arena, st_stairs_7, uniq_joseph
D:8:      layout_loops_ring, nicolae_qazlal_eye_of_the_storm, enter_ossuary_3,
          hex_tiny, nicolae_stop_n_shop_2, uniq_psyche, uniq_maurice
D:9:      layout_gridville, hellmonk_okawaru_the_only_friend_you_need
D:10:     layout_irregular_city, enter_trove_1, uniq_maggie, uniq_grum,
          uniq_harold
D:11:     layout_small_grid, lair_entry_dummy, serial_shops, shop,
          gammafunk_ghost_necromancy, nicolae_two_hexagons,
          dreamdust_princess_bridge, kennysheep_just_a_vault, uniq_lodul
Temple:   nicolae_temple_slightly_damp_pantheon
Lair:1:   layout_gridlike, serial_forest, infiniplex_forest_end_2,
          infiniplex_forest_clump_medium, infiniplex_forest_corner_1,
          infiniplex_forest_clump_small, infiniplex_forest_clump_curved,
          infiniplex_forest_end_1, infiniplex_forest_lined_3,
          infiniplex_forest_lined_2, beast_lair_carwin_6

Skill      XL: |  1  2  3  4  5  6  7  8  9 10 11 |
---------------+----------------------------------+-----
Stealth        | 1 2 3 4 5 6 8 10 12 16 17 | 17.5
Dodging        | 5 6 7 9 10 12 | 12.4
Fighting       | 4 5 6 7 9 |  9.6
Unarmed Combat | 4 5 6 7 9 |  9.6

Action                     |  1- 3 |  4- 6 |  7- 9 | 10-12 || total
---------------------------+-------+-------+-------+-------++-------
  Melee: Unarmed           |    92 |   135 |   647 |   764 ||  1638
         Bite              |     8 |    20 |    94 |    93 ||   215
         Punch             |     3 |     4 |    39 |    43 ||    89
 Invoke: Serpent's Lash    |       |       |       |    24 ||    24
Ability: Whirlwind         |       |       |   128 |   582 ||   710
         Lunge             |       |       |    36 |    44 ||    80
         Wall Jump         |       |       |     2 |       ||     2
    Use: Scroll            |       |       |     7 |       ||     7
         Potion            |       |       |       |     6 ||     6
   Stab: Sleeping          |    10 |     6 |    20 |    14 ||    50
         Distracted        |       |     1 |     2 |     2 ||     5
 Armour: Skin              |     3 |     1 |    14 |    12 ||    30
  Dodge: Dodged            |    68 |   123 |   600 |   642 ||  1433
  Block: Other             |       |       |   102 |   121 ||   223
         Reflection        |       |       |     7 |     6 ||    13
